 Dungeon Crawl Stone Soup version 0.25.1-2-g60ff931df9 (webtiles) character file.

Game seed: 1940477508401033971

803 DildoBatman the Conjurer (level 8, -3/52 HPs)
             Began as a Formicid Wizard on Sept 3, 2020.
             Killed from afar by a manticore (11 damage)
             ... with a volley of spikes
             ... on level 8 of the Dungeon.
             The game lasted 00:11:56 (3268 turns).

DildoBatman the Conjurer (Formicid Wizard)          Turns: 3268, Time: 00:11:56

Health: -3/52      AC:  3    Str: 12    XL:     8   Next: 14%
Magic:  12/12      EV: 12    Int: 20    God:
Gold:   138        SH:  0    Dex:  9    Spells: 6/13 levels left

rFire    . . .     SeeInvis +   b - +0 hunting sling
rCold    . . .     Gourm    .   (no shield)
rNeg     . . .     Faith    .   l - +0 robe
rPois    .         Spirit   .   (helmet unavailable)
rElec    .         Reflect  .   (no cloak)
rCorr    .         Harm     .   B - +0 pair of gloves
MR       .....                  (no boots)
Stlth    ++........             m - amulet of magic regeneration
HPRegen  0.17/turn              (no ring)
MPRegen  0.38/turn              (no ring)

@: barbed spikes
A: permanent stasis, dig shafts and tunnels, four strong arms, antennae 3
a: Dig, Shaft Self


You were on level 8 of the Dungeon.
You were not hungry.

You visited 1 branch of the dungeon, and saw 6 of its levels.

You collected 138 gold pieces.

Inventory:

Hand Weapons
 a - a +2 whip of flaming
 b - a +0 hunting sling (weapon)
 G - a +1 vorpal long sword
Missiles
 e - 109 arrows
 j - 75 stones (quivered)
 n - 6 boomerangs
 p - 70 sling bullets
 E - 10 bolts
 H - 6 boomerangs of dispersal
Armour
 l - a +0 robe (worn)
 B - a +0 pair of gloves (worn)
Jewellery
 m - an amulet of magic regeneration (around neck)
Scrolls
 g - a scroll of immolation {unknown}
 i - a scroll of amnesia {unknown}
 q - a scroll of enchant armour
 t - a scroll of fog
 x - 2 scrolls of remove curse
 y - a scroll of enchant weapon
 C - 2 scrolls of noise {unknown}
 D - a scroll of fear {unknown}
 F - a scroll of blinking {unknown}
 I - a scroll of teleportation {unknown}
Potions
 c - a potion of invisibility {unknown}
 d - 4 potions of stabbing {unknown}
 f - a potion of cancellation {unknown}
 h - 3 potions of heal wounds
 k - a potion of ambrosia {unknown}
 o - a potion of brilliance {unknown}
 r - a potion of haste
 s - a potion of magic {unknown}
 w - a potion of lignification {unknown}
 z - 2 potions of degeneration {unknown}
 A - a potion of flight {unknown}
Comestibles
 v - 6 rations


   Skills:
 - Level 1.7 Dodging
 - Level 2.4 Stealth
 - Level 3.2 Spellcasting
 - Level 6.0 Conjurations
   Level 1.0 Summonings
   Level 0.8 Translocations
 * Level 3.6 Fire Magic
 * Level 2.9 Air Magic


You had 6 spell levels left.
You knew the following spells:

 Your Spells              Type           Power        Failure   Level  Hunger
a - Conjure Flame         Conj/Fire      ###.....     6%          3    ###....
c - Magic Dart            Conj           ####         1%          1    None
e - Mephitic Cloud        Conj/Pois/Air  ###.....     12%         3    ###....

Your spell library contained the following spells:

 Spells                   Type           Power        Failure   Level  Hunger
 Apportation              Tloc           #.....       10%         1    None
 Summon Small Mammal      Summ           #...         10%         1    None
 Animate Skeleton         Necr           N/A          14%         1    None
 Corona                   Hex            #......      14%         1    None
 Call Imp                 Summ           #.......     14%         2    ##.....
 Slow                     Hex            #.......     22%         2    ##.....
 Blink                    Tloc           Unusable     N/A         2    N/A

Dungeon Overview and Level Annotations

Branches:
Dungeon (6/15)
 Temple: D:4-7

Altars:
Cheibriados
Ru


Innate Abilities, Weirdness & Mutations

You cannot be hasted, slowed, berserked, paralysed or teleported.
You can dig through walls and to a lower floor.
Your four strong arms can wield two-handed weapons with a shield.
You have a pair of large antennae on your head. (SInv)


Message History

g - Guard the area. f - Follow me.
Anything else - Cancel.
You shout for attention!
The manticore flicks its tail.
The volley of spikes hits you!
The barbed spikes become lodged in your body.
A quokka skeleton comes into view.
The orc closely misses you. The iguana barely misses you.
What are your orders? t - Shout!
Orders for allies: a - Attack new target. r - Retreat! s - Stop attacking. g - Guard the area. f - Follow me.
Anything else - Cancel.
You shout for attention!
The manticore flicks its tail.
The volley of spikes hits you!
The barbed spikes become lodged in your body.
You die...

#.......#
#.......#
#.......#
#...H...#
#.......#
#.......#
#......o# .
#......@######...
#......#l........
#......#.........
#......+.........
#......#.........
#......#.......>.
#..?.###.........
#.... ###+#Z....
.....


You could see a manticore, an iguana, an orc and a quokka skeleton.

Vanquished Creatures
  2 orc warriors (D:6)
  A centaur (D:6)
  A big kobold (D:6)
  A scorpion (D:5)
  A jelly (D:6)
  2 howler monkeys
  A crimson imp (D:6)
  2 orc priests (D:6)
  2 hounds (D:6)
  A worker ant (D:6)
  3 adders
  4 gnolls (D:2)
  An ooze (D:5)
  4 worms
  3 dart slugs
  2 leopard geckos
  9 orcs
  4 bats
  3 goblins
  5 hobgoblins
  5 jackals
  8 kobolds
  6 rats
71 creatures vanquished.

Notes
Turn   | Place    | Note
-------+----------+-------------------------------------------
     0 | D:1      | DildoBatman the Formicid Wizard began the quest for the
                  | Orb.
     0 | D:1      | Reached XP level 1. HP: 13/13 MP: 4/4
    12 | D:1      | You fall into a shaft and drop 1 floor!
   125 | D:1      | Reached skill level 1 in Conjurations
   304 | D:1      | Reached XP level 2. HP: 19/19 MP: 1/6
   402 | D:1      | Reached skill level 2 in Conjurations
   705 | D:2      | Found a sacrificial altar of Ru.
   771 | D:2      | Found a snail-covered altar of Cheibriados.
   824 | D:2      | Reached XP level 3. HP: 24/24 MP: 3/7
   831 | D:2      | Learned a level 3 spell: Conjure Flame
   835 | D:2      | Learned a level 3 spell: Mephitic Cloud
  1160 | D:2      | Reached skill level 3 in Conjurations
  1373 | D:2      | Reached XP level 4. HP: 29/30 MP: 4/8
  1568 | D:3      | Reached skill level 4 in Conjurations
  1568 | D:3      | Reached XP level 5. HP: 29/35 MP: 1/9
  1711 | D:3      | You fall into a shaft and drop 3 floors!
  1726 | D:6      | Noticed an orc warrior
  1747 | D:6      | Noticed a big kobold
  1773 | D:6      | Killed a big kobold
  1773 | D:6      | Reached skill level 5 in Conjurations
  1773 | D:6      | Reached XP level 6. HP: 21/41 MP: 0/10
  1995 | D:6      | Killed an orc warrior
  1995 | D:6      | Reached skill level 1 in Fire Magic
  2001 | D:6      | Reached skill level 1 in Air Magic
  2001 | D:6      | Reached XP level 7. HP: 33/46 MP: 3/11
  2133 | D:6      | Reached skill level 6 in Conjurations
  2417 | D:6      | Noticed a manticore
  2805 | D:5      | Entered Level 5 of the Dungeon
  2933 | D:6      | Reached XP level 8. HP: 30/52 MP: 8/12
  3175 | D:6      | Got a transparent ring mail
  3186 | D:6      | Identified the +0 ring mail "Laacs" {Str-5 Int+3} (You
                  | found it on level 6 of the Dungeon)
  3260 | D:5      | You fall into a shaft and drop 3 floors!
  3268 | D:8      | Killed from afar by a manticore

Illustrated notes

Levels and vault maps discovered:
D:1:      saegor_arrival_under_anarchy, layout_basic
D:2:      layout_loops_cross, nicolae_ru_awakened_eye, hangedman_decor_push,
          cheibriados_altar_1
D:3:      minmay_spotlight, layout_rooms, first_ration,
          kennysheep_generic_room_11
D:5:      layout_cave_pools, trog_three_pillars_becter
D:6:      layout_loops_ring, minmay_misc_feat_rugged, minmay_misc_feat_doors,
          lexackson_kobold_supper
D:8:      layout_gridville, kennysheep_mini_moat, minmay_joined_circles

Skill      XL: |  1  2  3  4  5  6  7 |
---------------+----------------------+-----
Conjurations   | 1 2 3 4 5 6 |  6.0
Fire Magic     | 1 3 |  3.6
Air Magic      | 1 2 |  2.9
Dodging        | |  1.7
Stealth        | |  2.4
Spellcasting   | |  3.2
Summonings     | |  1.0
Translocations | |  0.8

Action                   |  1- 3 |  4- 6 |  7- 9 || total
-------------------------+-------+-------+-------++-------
Melee: Unarmed           |     3 |       |       ||     3
       Whip              |       |     3 |     1 ||     4
 Fire: Hunting sling     |    13 |    20 |    14 ||    47
 Cast: Magic Dart        |    86 |    90 |    63 ||   239
       Mephitic Cloud    |     1 |     2 |     6 ||     9
       Conjure Flame     |       |     2 |     5 ||     7
 Abil: Dig               |     1 |     7 |     4 ||    12
  Use: Scroll            |       |     4 |       ||     4
       Potion            |       |     1 |       ||     1
 Stab: Confused          |       |       |     1 ||     1
  Eat: Chunk             |     1 |     3 |     6 ||    10
Armor: Robe              |     7 |     2 |     5 ||    14
Dodge: Dodged            |    19 |    14 |    15 ||    48
